 Dungeon Crawl Stone Soup version 0.28-a0-1312-g71652a0310 (webtiles) character file.

Game seed: 3573782358744099311

606 Zonian the Ducker (level 7, -5/45 HPs)
             Began as a Djinni Ice Elementalist on Dec 28, 2021.
             Splashed by a jelly's acid (9 damage)
             ... on level 5 of the Dungeon.
             The game lasted 00:21:26 (10462 turns).

Zonian the Ducker (Djinni Ice Elementalist)        Turns: 10462, Time: 00:21:26

Health: -5/45      AC: -3    Str:  7    XL:     7   Next: 70%
Gold:   104        EV: 14    Int: 19    God:
                   SH:  0    Dex: 13

rFire   + + .      SeeInvis .   e - +0 rapier (vorpal)
rCold   x . .      Faith    .   (no shield)
rNeg    . . .      Spirit   .   a - +0 robe
rPois   ∞          Reflect  .   f - +1 helmet
rElec   .          Harm     .   s - +0 cloak of the Everdark {+Inv}
rCorr   .          Rampage  .   (no gloves)
Will    .....                   (boots unavailable)
Stlth   +++.......              (no amulet)
HPRegen 0.15/turn               (no ring)
MPRegen 0.00/turn               (no ring)

@: corroded, flying
A: sickness immunity, fire resistance 2, cold vulnerability 1, float, innate
caster, hp casting, extra vitality 1
a: Evoke Invisibility


You were on level 5 of the Dungeon.
You visited 2 branches of the dungeon, and saw 6 of its levels.

You collected 243 gold pieces.
You spent 139 gold pieces at shops.

Inventory:

Hand Weapons
 b - a +0 short sword
 e - a +0 vorpal rapier (weapon)
 o - a +0 spear of distortion
 p - a +4 mace
 r - a +0 dagger of venom
Missiles
 c - 3 boomerangs
 h - 18 sling bullets
 t - 20 stones
Armour
 a - a +0 robe (worn)
 f - a +1 helmet (worn)
 i - a +0 leather armour
 m - a +0 cloak
 q - a scarf of invisibility
 s - the +0 cloak of the Everdark (worn) {+Inv}
   (You bought it in a shop on level 4 of the Dungeon)

   +Inv:      It lets you turn invisible.
Magical Staves
 k - a staff of conjuration
Scrolls
 d - a scroll of teleportation
Potions
 g - a potion of ambrosia
 j - 2 potions of brilliance
 l - 2 potions of resistance
 n - a potion of attraction
 u - a potion of degeneration
 v - a potion of heal wounds {unknown}
 w - a potion of cancellation


   Skills:
 + Level 5.3 Dodging
 + Level 4.3 Stealth
 + Level 4.7 Spellcasting


You couldn't memorise any spells.
You knew the following spells:

 Your Spells              Type           Power      Damage    Failure   Level
a - Freeze                Ice            88%        1d10      1%          1
b - Frozen Ramparts       Ice            44%        1d6       5%          3
c - Ozocubu's Armour      Ice            22%        N/A       5%          3
d - Hailstorm             Conj/Ice       22%        3d7       19%         4
e - Magic Dart            Conj           88%        1d7       1%          1
f - Ensorcelled Hibernat  Hex/Ice        44%        N/A       2%          2
g - Wereblood             Tmut           22%        N/A       2%          2
Your spell library was empty.

Dungeon Overview and Level Annotations

Branches:
Dungeon (5/15)             Temple (1/1) D:5

Altars:
Dithmenos
Elyvilon
Gozag
Hepliaklqana
Makhleb
Okawaru
Qazlal
Ru
Sif Muna
Uskayaw
Wu Jian
Xom
Yredelemnul

Shops:
D:4 *

Annotations:
D:4 Grinder


Innate Abilities, Weirdness & Mutations

You are immune to sickness and miasma.
You are immune to poison.
Your flesh is very heat resistant. (rF++)
You are vulnerable to cold. (rC-)
You float through the air rather than walking.
You learn spells naturally, not from books.
Your magical power is your life essence.
You have superior vitality. (+4 MHP)


Message History

The jelly is moderately wounded.
The jelly closely misses you.
Unknown command.
Casting: Freeze (safe; 1% risk of failure)
Confirm with . or Enter, or press ? or * to list all spells.
Aiming: Freeze (safe; 1% risk of failure)
Press: ? - help, Shift-Dir - straight line, f/p - jelly
Aim: a jelly (moderately wounded)
You freeze the jelly!
The jelly is heavily wounded.
The jelly closely misses you.
Casting: Freeze (safe; 1% risk of failure)
Confirm with . or Enter, or press ? or * to list all spells.
Aiming: Freeze (safe; 1% risk of failure)
Press: ? - help, Shift-Dir - straight line, f/p - jelly
Aim: a jelly (heavily wounded)
You freeze the jelly.
The jelly is heavily wounded.
The jelly closely misses you.
Casting: Freeze (safe; 1% risk of failure)
Confirm with . or Enter, or press ? or * to list all spells.
Aiming: Freeze (safe; 1% risk of failure)
Press: ? - help, Shift-Dir - straight line, f/p - jelly
Aim: a jelly (heavily wounded)
You freeze the jelly!
The jelly is severely wounded.
The jelly hits you. The acid corrodes you!
You are splashed with acid!
* * * LOW HITPOINT WARNING * * *
Casting: Freeze (safe; 1% risk of failure)
Confirm with . or Enter, or press ? or * to list all spells.
Aiming: Freeze (safe; 1% risk of failure)
Press: ? - help, Shift-Dir - straight line, f/p - jelly
Aim: a jelly (severely wounded)
You freeze the jelly!
The jelly is almost dead.
* * * LOW HITPOINT WARNING * * *
The jelly hits you.
* * * LOW HITPOINT WARNING * * *
You are splashed with acid!
You die...

#. #. #. ##### #. ##PPP###.
.#+#################P...P##.
..................##P.>.P###
..................##P...P#.'
..........J@......###P.P##.#
................(.####'#####
.###########'###........#.##
..#......#......#........'..#
...#......#......#........#..#
....#......#......#........#..#
....#......##.....#........#..#
##....#..##..##.....#........####
...####..##..##.....##+##........


You could see a jelly.

Vanquished Creatures
  2 necrophages (D:5)
  A phantom (D:4)
  A centaur zombie (D:5)
  A jelly (D:5)
  3 hounds
  An orc priest (D:3)
  A howler monkey skeleton (D:5)
  6 adders
  An ufetubus (D:3)
  An adder skeleton (D:5)
  3 worms
  2 dart slugs
  11 orcs
  12 ball pythons
  7 endoplasms
  2 giant cockroaches (D:1)
  8 goblins
  3 hobgoblins
  7 jackals (D:1)
  A quokka (D:1)
  3 bats (D:1)
  A frilled lizard (D:2)
  7 kobolds
  7 rats
92 creatures vanquished.

Notes
Turn   | Place    | Note
-------+----------+-------------------------------------------
     0 | D:1      | Zonian the Djinni Ice Elementalist began the quest for the
                  | Orb.
     0 | D:1      | Reached XP level 1. HP: 15/15 MP: 0/0
   539 | D:1      | Reached XP level 2. HP: 20/21 MP: 0/0
  1136 | D:1      | Reached XP level 3. HP: 14/25 MP: 0/0
  1136 | D:1      | Learned a level 1 spell: Magic Dart
  2111 | D:1      | You are sucked into a shaft and drop 1 floor!
  2160 | D:2      | Reached skill level 3 in Dodging
  2185 | D:2      | Reached XP level 4. HP: 5/31 MP: 0/0
  3380 | D:2      | Found a faded altar of an unknown god.
  4450 | D:3      | Reached XP level 5. HP: 33/35 MP: 0/0
  4450 | D:3      | Learned a level 2 spell: Ensorcelled Hibernation
  4585 | D:3      | Found an opulent altar of Gozag.
  5111 | D:3      | Found an iron altar of Okawaru.
  6779 | D:3      | Reached skill level 4 in Dodging
  7405 | D:4      | Noticed Grinder
  7691 | D:4      | Reached XP level 6. HP: 35/40 MP: 0/0
  7829 | D:4      | Found a stormy altar of Qazlal.
  8292 | D:4      | Found Coogoeh's CLEARANCE SALE!.
  8299 | D:4      | Bought a +0 spear of distortion for 47 gold pieces
  8299 | D:4      | Bought the +0 cloak of the Everdark {+Inv} for 92 gold
                  | pieces
  8387 | D:4      | Found a hide-covered altar of Uskayaw.
  8824 | D:5      | Entered Level 5 of the Dungeon
  8854 | D:5      | Noticed an ogre
  9135 | D:5      | Noticed an ice beast
  9234 | D:5      | Found a staircase to the Ecumenical Temple.
  9240 | Temple   | Entered the Ecumenical Temple
  9404 | D:5      | Noticed a necrophage
  9424 | D:5      | Killed a necrophage
  9425 | D:5      | Reached XP level 7. HP: 12/45 MP: 0/0
  9425 | D:5      | Learned a level 2 spell: Wereblood
 10006 | D:5      | Reached skill level 5 in Dodging
 10462 | D:5      | Splashed by a jelly's acid

Illustrated notes

Levels and vault maps discovered:
D:1:      dpeg_arrival_court, layout_basic
D:2:      layout_rooms, nicolae_ecumenical_oubliette
D:3:      layout_loops_cross, nicolae_gozag_cash_rules_everything_around_me,
          nicolae_overflow_hidden_temple, chequers_serial_rivers_small_3,
          chequers_serial_rivers_micro_c
D:4:      layout_basic, mainiacjoe_overflow_chevrons,
          mainiacjoe_overflow_surrounded_room, nicolae_shop_clearance,
          uniq_grinder
D:5:      layout_gridville, mainiacjoe_overflow_alcove_2,
          minmay_temple_entry_enclosed_plants
Temple:   nicolae_temple_figure_zero

Skill      XL: |  1  2  3  4  5  6  7 |
---------------+----------------------+-----
Stealth        | 2 3 4 |  4.3
Dodging        | 3 4 5 |  5.3
Spellcasting   | 4 |  4.7

Action                   |  1- 3 |  4- 6 |  7- 9 || total
-------------------------+-------+-------+-------++-------
Melee: Short sword       |    32 |       |       ||    32
       Rapier            |    19 |   159 |    36 ||   214
       Dagger            |       |    46 |       ||    46
Throw: Boomerang         |       |       |     1 ||     1
 Cast: Freeze            |    24 |    34 |     8 ||    66
       Magic Dart        |       |     4 |       ||     4
       Ozocubu's Armour  |       |     1 |     2 ||     3
  Use: Scroll            |     1 |    13 |     1 ||    15
       Potion            |       |     1 |       ||     1
 Stab: Sleeping          |       |     2 |     1 ||     3
Armor: Robe              |    21 |    49 |    20 ||    90
Dodge: Dodged            |    55 |   160 |    41 ||   256

Table legend: (Time is in decaauts)
 A = Elapsed time spent in this place.
 B = Non-inter-level travel time spent in this place.
 C = Inter-level travel time spent in this place.
 D = Time resting spent in this place.
 E = Time spent auto-exploring this place.
 F = Levels seen in this place.
 G = Mean time per level.
                   A        B        C        D        E       F      G
               +--------+--------+--------+--------+--------+-----+--------+
         Total |  10493 |  10227 |    266 |   6111 |   1797 |   6 | 1748.8 |
       Dungeon |  10368 |  10103 |    265 |   6111 |   1684 |   5 | 2073.6 |
        Temple |    124 |    123 |      1 |      0 |    113 |   1 |  124.0 |
               +--------+--------+--------+--------+--------+-----+--------+

Top non-repeatable levels by time:
     D:1: 3229 daAuts
     D:3: 2922 daAuts
     D:2: 1691 daAuts
     D:5: 1524 daAuts
     D:4: 1002 daAuts
  Temple: 124 daAuts
